[Event "Fall Chess Classic-A 2018"]
[Site "Saint Louis"]
[Date "2018.10.10"]
[Round "1"]
[White "Dreev, Aleksey"]
[Black "Bruzon Batista, Lazaro"]
[Result "1-0"]
[ECO "E12"]
[WhiteElo "2649"]
[BlackElo "2653"]
[Annotator "ChessBase"]
[PlyCount "145"]
[EventDate "2018.10.10"]
[EventType "tourn"]
[EventCountry "USA"]
[SourceTitle "playchess.com"]
[Source "ChessBase"]
[SourceQuality "1"]
[TimeControl "40/5400+30:1800+30"]

1. d4 Nf6 2. Nf3 e6 3. c4 b6 4. a3 Bb7 5. Nc3 d5 6. cxd5 Nxd5 7. Qc2 Be7 8. Bd2 Nxc3 9. Bxc3 Qd5 10. e3 Nd7 11. Bd3 Qh5 12. Be2 Qf5 13. Qxf5 exf5 14. O-O O-O 15. Rfd1 Rfd8 16. Rac1 Rac8 17. Bc4 Kf8 18. h3 c5 19. Ba2 g6 20. dxc5 Nxc5 21. Rxd8+ Rxd8 22. Ne5 f6 23. Nf3 Bd5 24. Bxd5 Rxd5 25. Nd4 f4 26. b4 Ne4 27. Ne6+ Kf7 28. Nxf4 Nxc3 29. Rxc3 Rd1+ 30. Kh2 Rd2 31. Kg3 g5 32. Nd3 Ke6 33. Kf3 Kd5 34. g4 a6 35. Nc1 Bd6 36. Rc8 Rd1 37. Ne2 Rh1 38. Nc3+ Ke6 39. Ke2 Ra1 40. Rc6 Rxa3 41. Ne4 Kd5 42. Rxd6+ Kxe4 43. Rxb6 Ra2+ 44. Kf1 Ke5 45. Kg2 Ra1 46. f4+ gxf4 47. exf4+ Kxf4 48. Rxf6+ Kg5 49. Rf5+ Kg6 50. Ra5 Rb1 51. Rxa6+ Kg5 52. Ra5+ Kg6 53. Rb5 Rb2+ 54. Kg3 Rb3+ 55. Kh4 h6 56. Rb6+ Kh7 57. Rb8 Kg6 58. Rb7 Kf6 59. Rb6+ Kg7 60. b5 Kh7 61. g5 hxg5+ 62. Kxg5 Rxh3 63. Rb7+ Kg8 64. b6 Rb3 65. Kf6 Rb1 66. Rb8+ Kh7 67. Ke6 Kg7 68. Kd6 Kf7 69. Kc6 Ke7 70. Rh8 Rc1+ 71. Kd5 Rd1+ 72. Ke5 Re1+ 73. Kf4 1-0

[Event "Fall Chess Classic-A 2018"]
[Site "Saint Louis"]
[Date "2018.10.14"]
[Round "5"]
[White "Kuzubov, Yuriy"]
[Black "Hammer, Jon Ludvig"]
[Result "1-0"]
[ECO "D70"]
[WhiteElo "2655"]
[BlackElo "2662"]
[Annotator "RC"]
[PlyCount "75"]
[EventDate "2018.10.10"]
[EventType "tourn"]
[EventCountry "USA"]
[SourceTitle "playchess.com"]
[Source "ChessBase"]
[SourceQuality "1"]
[TimeControl "40/5400+30:1800+30"]

1. d4 Nf6 2. c4 g6 3. Nf3 Bg7 4. g3 c6 5. Bg2 d5 6. Nbd2 O-O 7. O-O Bf5 8. b3 Qa5 9. Bb2 Ne4 10. e3 Nxd2 11. Nxd2 Bd3 12. Re1 Nd7 13. a3 Nf6 14. Rc1 Bf5 15. b4 Qb6 16. Nb3 Rad8 17. h3 h5 18. Qe2 g5 19. Nc5 g4 20. h4 Ne4 21. cxd5 cxd5 22. Nxe4 Bxe4 23. Bxe4 dxe4 24. Rc5 f5 25. Rec1 e6 26. b5 Rf7 27. Qc4 a6 28. a4 axb5 29. Rxb5 Qa6 30. Qb3 Rd6 31. Rc8+ Kh7 32. d5 exd5 33. Rxd5 Rfd7 34. Rxd6 Qxd6 35. Qg8+ Kh6 36. Re8 Bxb2 37. Re6+ Bf6 38. Qh8+ 1-0